 Dungeon Crawl Stone Soup version 0.21-a0-536-gdbbf329 (webtiles) character file.

132 slep the Chopper (level 4, -5/34 HPs)
             Began as a Demonspawn Gladiator on Dec 15, 2017.
             Slain by a gnoll
             ... wielding a +0 spear
              (8 damage)
             ... on level 3 of the Dungeon.
             The game lasted 00:06:01 (1792 turns).

slep the Chopper (Demonspawn Gladiator)             Turns: 1792, Time: 00:06:01

Health: -5/34      AC:  7    Str: 15    XL:     4   Next: 92%
Magic:  4/4        EV: 13    Int:  9    God:
Gold:   120        SH:  0    Dex: 15    Spells: 3/3 levels left

rFire    . . .     SeeInvis .   a - +0 war axe
rCold    . . .     Gourm    +   (no shield)
rNeg     . . .     Faith    .   b - +0 leather armour
rPois    .         Spirit   .   c - +0 helmet
rElec    .         Reflect  .   (no cloak)
rCorr    .         Harm     .   (no gloves)
MR       .....                  l - +0 pair of boots
Stlth    +.........             g - amulet of the gourmand
HPRegen  0.11/turn              (no ring)
MPRegen  0.09/turn              (no ring)

@: no status effects
A: molten scales 1, rot immunity
a: no special abilities


You were on level 3 of the Dungeon.
You were very full.

You visited 1 branch of the dungeon, and saw 3 of its levels.

You collected 120 gold pieces.

Inventory:

Hand Weapons
 a - a +0 war axe (weapon)
Missiles
 d - 3 throwing nets (quivered)
Armour
 b - a +0 leather armour (worn)
 c - a +0 helmet (worn)
 l - a +0 pair of boots (worn)
Jewellery
 g - an amulet of the gourmand (around neck)
Scrolls
 h - a scroll of random uselessness {unknown}
 i - 2 scrolls of magic mapping {unknown}
 k - 2 scrolls of identify {unknown}
 m - a scroll of enchant armour {unknown}
 p - a scroll of noise {unknown}
Potions
 e - a potion of heal wounds {unknown}
 j - 2 potions of flight {unknown}
 n - a potion of agility {unknown}
 q - a potion of degeneration {unknown}
Comestibles
 f - 2 bread rations
 o - a royal jelly
 r - a fruit


   Skills:
 + Level 2.3 Fighting
 + Level 4.0 Axes
 + Level 2.0 Throwing
 + Level 1.3 Armour
 + Level 3.2 Dodging
 + Level 0.6 Stealth


You had 3 spell levels left.
You didn't know any spells.

Dungeon Overview and Level Annotations

Branches:
Dungeon (3/15)

Altars:


Innate Abilities, Weirdness & Mutations

You are partially covered in molten scales. (AC +2)
You are immune to rotting.


Message History

* * * LOW HITPOINT WARNING * * *
You hit the gnoll.
The gnoll is severely wounded.
The gnoll misses you.
You slash the gnoll!
You kill the gnoll!
Found an escape hatch in the floor.
Items here: ))) † a halberd; a short sword; a hand axe of flaming; an orc corpse The gnoll closely misses you.
You closely miss the gnoll. The gnoll closely misses you.
You closely miss the gnoll. The gnoll completely misses you.
The gnoll misses you.
You hit the gnoll.
The gnoll is lightly wounded.
The gnoll misses you.
You closely miss the gnoll.
The gnoll is lightly wounded.
The gnoll hits you with a spear!
You die...

.# .# #.#####.#
#.....#.#
#####.#.# #)#.#
######)#.#
........@g#
####....♣...>...
.....PP♣♣P.....
#.#..P♣♣♣ ♣.####
. #.P♣ .# #. #
#.


You could see a gnoll.

Vanquished Creatures
  An orc wizard (D:3)
  3 gnolls (D:3)
  2 adders (D:2)
  An ooze (D:2)
  A dart slug (D:1)
  3 orcs (D:3)
  A ball python (D:2)
  6 bats
  3 giant cockroaches
  7 goblins
  4 hobgoblins (D:1)
  4 jackals
  6 frilled lizards
  5 kobolds
  6 rats
53 creatures vanquished.

Vanquished Creatures (others)
  A plant (D:3)
1 creature vanquished.

Grand Total: 54 creatures vanquished

Notes
Turn   | Place    | Note
-------+----------+-------------------------------------------
     0 | D:1      | slep the Demonspawn Gladiator began the quest for the Orb.
     0 | D:1      | Reached XP level 1. HP: 16/16 MP: 1/1
    45 | D:1      | Reached skill level 3 in Axes
    45 | D:1      | Gained mutation: You are partially covered in molten scales. (AC +2) [demonic ancestry]
    45 | D:1      | Reached XP level 2. HP: 14/22 MP: 2/2
   637 | D:2      | Reached XP level 3. HP: 27/27 MP: 3/3
  1557 | D:2      | Gained mutation: You are immune to rotting. [demonic ancestry]
  1557 | D:2      | Reached XP level 4. HP: 33/33 MP: 4/4
  1760 | D:3      | Reached skill level 1 in Armour
  1780 | D:3      | Reached skill level 4 in Axes
  1792 | D:3      | Slain by a gnoll

Vault maps used:
D:1:      ncdulo_watergridlock, st_stairs_8
D:2:      first_bread
D:3:      serial_forest, infiniplex_forest_lined_2, infiniplex_forest_lined_2,
          infiniplex_forest_clump_medium, infiniplex_forest_end_3,
          infiniplex_forest_zigzag_1, tgw_sif, uniq_jessica

Skill      XL: |  1  2  3  4 |
---------------+-------------+-----
Throwing       | 2 |  2.0
Axes           | 3 4 |  4.0
Dodging        | 3 |  3.2
Armour         | 1 |  1.3
Fighting       | |  2.3
Stealth        | |  0.6

Action                   |  1- 3 |  4- 6 || total
-------------------------+-------+-------++-------
Melee: War axe           |    99 |    52 ||   151
 Stab: Sleeping          |     2 |       ||     2
  Eat: Chunk             |    13 |       ||    13
Armor: Leather armour    |    52 |    10 ||    62
Dodge: Dodged            |    93 |    38 ||   131

Table legend:
 A = Spawn XP
 B = Non-spawn XP
 C = Spawn XP percentage of total XP
 D = Spawn monster count
 E = Non-spawn monster count
 F = Spawn count percentage of total count
 G = Total turns spent on level
                    A         B        C        D         E        F      G
               +---------+---------+-------+---------+---------+-------+---------
         Total |       0 |     189 |   0.0 |       0 |      53 |   0.0 |  1792
               +---------+---------+-------+---------+---------+-------+---------
           D:1 |       0 |      40 |   0.0 |       0 |      23 |   0.0 |   638
           D:2 |       0 |      60 |   0.0 |       0 |      22 |   0.0 |  1101
           D:3 |       0 |      89 |   0.0 |       0 |       8 |   0.0 |    53
               +---------+---------+-------+---------+---------+-------+---------
